 Dungeon Crawl Stone Soup version 0.31-a0-167-g1c394c0614 (webtiles) character file.

Game seed: 17548663130041745834

34078 Dittersdorf the Peltast (level 13, 0/88 HPs)
             Began as a Gargoyle Fighter on June 14, 2023.
             Was a High Priest of Okawaru.
             Killed from afar by a manticore (19 damage)
             ... with a volley of spikes
             ... summoned by Kirke
             ... on level 4 of the Lair of Beasts.
             The game lasted 00:29:39 (18656 turns).

Dittersdorf the Peltast (Gargoyle Fighter)         Turns: 18656, Time: 00:29:40

Health: 0/88       AC:  0    Str: 24    XL:     13   Next: 75%
Magic:  13/13      EV: 28    Int: 10    God:    Okawaru [*****.]
Gold:   1363       SH:  0    Dex:  9    Spells: 12/12 levels left

rFire   . . .        A - melded +0 morningstar (vamp)
rCold   . . .        c - melded +0 buckler
rNeg    + . .        z - melded +3 plate armour
rPois   ∞            C - melded +0 helmet
rElec   .            B - melded +0 cloak
rCorr   .            (gloves currently unavailable)
SInv    .            x - melded +2 pair of boots
Will    .....        k - amulet of the acrobat
Stlth   +            v - melded +5 ring of evasion
HPRegen 0.34/turn    n - melded ring of see invisible
MPRegen 0.13/turn

%: acrobat
@: pig-form, spiked, acrobatic, slowed
A: fast, no casting, sickness immunity, AC +9, small, negative energy resistance
1, (electricity resistance), torment resistance 1, petrification resistance
a: Renounce Religion, Heroism, Finesse, Duel


You were on level 4 of the Lair of Beasts.
You worshipped Okawaru.
Okawaru was extremely pleased with you.
You were a filthy swine.
You visited 3 branches of the dungeon, and saw 17 of its levels.
You also visited: Sewer and Bailey.

You collected 1363 gold pieces.

Inventory:

Hand Weapons
 A - a +0 vampiric morningstar (melded)
Missiles
 j - 10 curare-tipped darts (quivered)
Armour
 c - a +0 buckler (melded)
 x - a +2 pair of boots (melded)
 z - a +3 plate armour (melded)
 B - a +0 cloak (melded)
 C - a +0 helmet (melded)
Jewellery
 e - a ring of fire
 k - an amulet of the acrobat (around neck)
 n - a ring of see invisible (melded)
 v - a +5 ring of evasion (melded)
 y - a ring of ice
 F - a +4 ring of protection
Wands
 a - a wand of quicksilver (26)
 w - a wand of flame (28)
 H - a wand of iceblast (1)
Scrolls
 d - 2 scrolls of teleportation
 m - 3 scrolls of revelation
 p - a scroll of fear
 s - 6 scrolls of enchant armour
 E - a scroll of brand weapon
 G - a scroll of enchant weapon
 I - a scroll of silence
Potions
 b - 5 potions of attraction {unknown}
 f - a potion of resistance {unknown}
 g - 3 potions of haste
 h - a potion of heal wounds
 i - 6 potions of curing
 l - 2 potions of ambrosia {unknown}
 o - 2 potions of cancellation
 q - 3 potions of invisibility {unknown}
 r - a potion of enlightenment
 t - a potion of might
 u - 2 potions of mutation
 D - 2 potions of berserk rage


   Skills:
 + Level 13.2 Fighting
 + Level 12.0 Maces & Flails
 + Level 13.1 Armour
 + Level 16.0 Shields


You had 12 spell levels left.
You didn't know any spells.
Your spell library contained the following spells:

 Spells                   Type           Power      Damage    Failure   Level
 Apportation              Tloc           0%         N/A       36%         1
 Necrotise                Necr           0%         1d4       36%         1
 Shock                    Conj/Air       0%         1d3       36%         1
 Ensorcelled Hibernation  Hex/Ice        0%         N/A       50%         2
 Lesser Beckoning         Tloc           0%         N/A       50%         2
 Gell's Gravitas          Tloc           0%         N/A       75%         3
 Ozocubu's Armour         Ice            0%         N/A       75%         3
 Spider Form              Tmut/Pois      0%         N/A       75%         3
 Swiftness                Air            0%         N/A       75%         3
 Teleport Other           Tloc           0%         N/A       75%         3
 Airstrike                Air            0%         2d(0-16)  98%         4
 Anguish                  Hex/Necr       0%         N/A       98%         4
 Ozocubu's Refrigeration  Ice            0%         4d7       100%        7
 Summon Small Mammal      Summ           Unusable   N/A       N/A         1

Dungeon Overview and Level Annotations

Branches:
Dungeon (11/15)            Temple (1/1) D:4            Lair (5/5) D:9
  Swamp (0/4) Lair:3        Snake (0/4) Lair:3          Orc (0/2) D:11
  Sewer (visited)          Bailey (visited)
  Slime: Lair:4-5

Altars:
Ashenzari
Cheibriados
Dithmenos
Elyvilon
Fedhas
Gozag
Hepliaklqana
Kikubaaqudgha
Makhleb
Nemelex Xobeh
Okawaru
Qazlal
Ru
Sif Muna
Trog
Uskayaw
Vehumet
Wu Jian
Xom
Yredelemnul
Zin
The Shining One

Annotations:
D:9 1 transporter, zazu2006's ghost, novice GnWn
Lair:4 Kirke


Innate Abilities, Weirdness & Mutations

You are a filthy swine.
You move quickly.
Your equipment is almost entirely melded.
You are incapable of wielding weapons or throwing items.
You cannot cast spells.
You are immune to sickness and miasma.
((Your stone body is resilient. (AC +9)))
You are immune to poison.
You resist negative energy. (rN+)
((You are resistant to electric shocks. (rElec)))
You are resistant to unholy torment.
You are immune to petrification.


Message History

You feel the dreadful sensation subside.
You closely miss Kirke. Kirke closely misses you.
You hit Kirke.
Kirke is lightly wounded.
You feel like a meek peon again.
You barely miss Kirke.
Kirke is lightly wounded.
Kirke points at you and mumbles some strange words.
You feel a momentary urge to oink.
You closely miss Kirke. Kirke hits you!
You fail to use your ability.
Kirke casts a spell.
Nothing appears to happen.
You bite Kirke!
Kirke is lightly wounded.
The hog bites you. Kirke closely misses you.
You hit Kirke.
Kirke is lightly wounded.
The hog bites you!
You bite Kirke!
Kirke is moderately wounded.
The hog bites you! Kirke gestures at you while chanting.
You feel a momentary urge to oink.
You hit Kirke.
Kirke is moderately wounded.
The hog bites you. Kirke hits you!
You closely miss Kirke.
Kirke is moderately wounded.
The hog bites you!
* * * LOW HITPOINT WARNING * * *
Kirke gestures at you while chanting.
You feel yourself slow down. The hog barely misses you. The hog misses you.
The hog completely misses you. The hog attacks as you move away!
The hog completely misses you.
The manticore flicks its tail.
The volley of spikes hits you!!
The barbed spikes become lodged in your body.
You die...

#P..............#
#..............##
###.....†..†...#
###.....†..###
#####..††#.# ####
#.##....#.## # ##P..#
#......#### .
#...h.#######.....### .
.....@.#..#h..........
...h...#h@.............
.......†#h.............#
.........H.............#
..........#.......>....#
.......................#
........####..........
........# ..........
.......## .......


You could see Kirke, a manticore (summoned) and 2 hogs.

Vanquished Creatures
  3 hydras
  A boulder beetle (D:11)
  A catoblepas (Lair:5)
  2 centaur warriors (D:11)
  3 two-headed ogres
  Lodul (D:11)
  An ugly thing (D:7)
  A manticore (D:11)
  3 black mambas
  A gargoyle (D:10)
  10 cane toads
  An unseen horror (D:11)
  A rime drake (Lair:4)
  7 komodo dragons
  A polar bear (Lair:3)
  3 trolls
  13 blink frogs
  2 dream sheep (Lair:3)
  4 slime creatures (D:11)
  A shadow (D:9)
  2 wyverns
  A vampire (D:10)
  A wraith (D:9)
  43 yaks
  2 basilisks
  A steam dragon (D:7)
  2 hogs (Lair:4)
  2 vampire mosquitoes (D:11)
  2 nagas (Lair:3)
  Menkaure (D:6)
  14 water moccasins
  An ice beast (D:6)
  2 black bears (Lair:1)
  8 orc warriors
  3 sky beasts
  10 ogres
  5 centaurs
  A phantom (D:5)
  12 kobold brigands
  8 bullfrogs
  5 scorpions
  2 gnoll sergeants
  6 wights
  6 killer bees
  4 howler monkeys
  4 gnoll boudas
  2 hounds
  12 orc priests
  A sleepcap (D:5)
  Jessica (D:2)
  8 orc wizards
  3 iguanas
  4 hell rats (Lair:1)
  A mummy (D:6)
  18 gnolls
  13 adders
  2 river rats (D:3)
  A white imp (D:4)
  5 worms
  5 dart slugs
  61 orcs
  7 ball pythons
  6 endoplasms
  4 giant cockroaches
  8 goblins
  7 hobgoblins
  4 jackals (D:1)
  4 quokkas
  5 bats
  5 frilled lizards
  34 kobolds
  7 rats
436 creatures vanquished.

Vanquished Creatures (others)
  An orc wizard (D:7)
1 creature vanquished.

Grand Total: 437 creatures vanquished

Notes
Turn   | Place    | Note
-------+----------+-------------------------------------------
     0 | D:1      | Dittersdorf the Gargoyle Fighter began the quest for the
                  | Orb.
     0 | D:1      | Reached XP level 1. HP: 14/14 MP: 1/1
   123 | D:1      | Reached XP level 2. HP: 18/19 MP: 2/2
   494 | D:1      | Reached XP level 3. HP: 23/23 MP: 3/3
   612 | D:1      | Found a faded altar of an unknown god.
  1316 | D:2      | Reached XP level 4. HP: 29/29 MP: 4/4
  1359 | D:2      | Found a snail-covered altar of Cheibriados.
  1373 | D:2      | Noticed Jessica
  1375 | D:2      | Killed Jessica
  1376 | D:2      | Reached skill level 4 in Shields
  1890 | D:3      | Reached XP level 5. HP: 28/33 MP: 5/5
  2016 | D:3      | Found a sparkling altar of Nemelex Xobeh.
  2147 | D:3      | Found a glowing drain.
  2177 | Sewer    | Entered a sewer
  2179 | Sewer    | Noticed a kobold brigand
  2199 | Sewer    | Killed a kobold brigand
  2200 | Sewer    | Reached XP level 6. HP: 39/39 MP: 6/6
  2446 | Sewer    | Reached skill level 5 in Fighting
  2769 | D:3      | Reached skill level 5 in Armour
  2769 | D:3      | Reached skill level 5 in Shields
  2769 | D:3      | Reached XP level 7. HP: 34/44 MP: 7/7
  3062 | D:4      | Found a staircase to the Ecumenical Temple.
  3071 | Temple   | Entered the Ecumenical Temple
  3190 | Temple   | Became a worshipper of Warmaster Okawaru
  3661 | D:5      | Entered Level 5 of the Dungeon
  3677 | D:5      | Found an opulent altar of Gozag.
  3762 | D:5      | Reached XP level 8. HP: 46/51 MP: 8/8
  3787 | D:5      | Reached * piety under Okawaru
  3821 | D:5      | Reached skill level 5 in Maces & Flails
  3821 | D:5      | Reached skill level 6 in Shields
  4000 | D:5      | Found a white marble altar of Elyvilon.
  4756 | D:6      | Noticed Menkaure
  4782 | D:6      | Killed Menkaure
  5028 | D:6      | Found a blossoming altar of Fedhas.
  5055 | D:6      | Found a snail-covered altar of Cheibriados.
  5211 | D:6      | Reached XP level 9. HP: 51/56 MP: 9/9
  5217 | D:6      | Reached ** piety under Okawaru
  5218 | D:6      | Reached skill level 7 in Shields
  5347 | D:6      | Found a shimmering altar of Xom.
  5905 | D:7      | Reached skill level 8 in Shields
  6037 | D:7      | Noticed a purple ugly thing
  6051 | D:7      | Killed a purple ugly thing
  6051 | D:7      | Reached *** piety under Okawaru
  6065 | D:7      | Reached skill level 9 in Shields
  6416 | D:8      | Reached XP level 10. HP: 59/64 MP: 10/10
  6774 | D:8      | Reached **** piety under Okawaru
  6775 | D:8      | Reached skill level 10 in Shields
  7952 | D:9      | Found a stormy altar of Qazlal.
  8091 | D:9      | Reached skill level 11 in Shields
  8185 | D:9      | Noticed a deep elf pyromancer
  8215 | D:9      | Found a transporter.
  8215 | D:9      | Found a transporter.
  8218 | D:9      | Noticed zazu2006's ghost (novice GnWn)
  8332 | D:9      | Found a flagged portal.
  8342 | D:9      | Reached ***** piety under Okawaru
  8379 | Bailey   | Entered a bailey
  8586 | Bailey   | Reached XP level 11. HP: 59/71 MP: 8/11
  8614 | Bailey   | Found an iron altar of Okawaru.
  8641 | D:9      | Found a staircase to the Lair.
  8848 | D:10     | Entered Level 10 of the Dungeon
  8897 | D:10     | Found an ancient bone altar of Kikubaaqudgha.
  8915 | D:10     | Identified the +2 cloak of the Hills {Str+3 Dex+4 Slay-6}
                  | (Okawaru gifted it to you on level 10 of the Dungeon)
  8915 | D:10     | Received a gift from Okawaru
  8976 | D:10     | Found a runed translucent door.
  8976 | D:10     | Noticed Twinkles's ghost (journeyman KoAr)
  9021 | D:10     | Reached skill level 12 in Shields
  9147 | D:10     | Reached skill level 10 in Fighting
  9147 | D:10     | Reached skill level 10 in Armour
  9256 | D:10     | Noticed a two-headed ogre
  9269 | D:10     | Killed a two-headed ogre
 13687 | D:11     | Noticed a boulder beetle
 13777 | D:11     | Killed a boulder beetle
 13778 | D:11     | Reached skill level 13 in Shields
 13788 | D:11     | Found a staircase to the Orcish Mines.
 13990 | D:11     | Noticed a two-headed ogre
 14004 | D:11     | Killed a two-headed ogre
 14234 | D:11     | Reached XP level 12. HP: 77/79 MP: 12/12
 14343 | D:11     | Noticed Lodul
 14377 | D:10     | Reached skill level 10 in Maces & Flails
 14392 | D:11     | Killed Lodul
 14422 | D:11     | Noticed a centaur warrior
 14428 | D:11     | Killed a centaur warrior
 14429 | D:11     | Reached skill level 14 in Shields
 14537 | D:11     | Noticed a two-headed ogre
 14544 | D:11     | Killed a two-headed ogre
 14636 | D:11     | Noticed a centaur warrior
 14652 | D:11     | Killed a centaur warrior
 14880 | Lair:1   | Entered Level 1 of the Lair of Beasts
 15198 | Lair:1   | Reached skill level 15 in Shields
 15582 | Lair:1   | Received a gift from Okawaru
 15904 | Lair:2   | Noticed an eight-headed hydra
 15921 | Lair:2   | Killed an eight-headed hydra
 16011 | Lair:2   | Reached XP level 13. HP: 76/86 MP: 13/13
 16751 | Lair:3   | You fall into a shaft and drop 2 floors!
 16751 | Lair:5   | Entered Level 5 of the Lair of Beasts
 17216 | Lair:3   | Found a staircase to the Snake Pit.
 17337 | Lair:3   | Found a staircase to the Swamp.
 17850 | Lair:3   | Identified the +4 ring mail of Purpose {rF++ rCorr Dex-5}
                  | (Okawaru gifted it to you on level 3 of the Lair of Beasts)
 17850 | Lair:3   | Received a gift from Okawaru
 18547 | Lair:4   | Reached skill level 16 in Shields
 18630 | Lair:4   | Noticed Kirke
 18656 | Lair:4   | Killed from afar by a manticore

Illustrated notes

Levels and vault maps discovered:
D:1:      saegor_arrival_simple_d, layout_basic,
          shapermc_ecumenical_altar_ellora
D:2:      layout_loops_ring, basic_altar, fountainhead, glass_columns_a,
          serial_bayou_pond_c, minmay_misc_feat_roman, uniq_jessica
D:3:      layout_basic, mainiacjoe_overflow_alcove_1, portal_sewer_entry_b,
          serial_undead, serial_undead_c, serial_undead_b, serial_undead_b,
          serial_undead_a, nicolae_elevator_lobby_asterisk
D:4:      layout_rooms, minmay_temple_entry_tees, bh_walls_and_bars
D:5:      layout_loops_cross, grunt_gozag_statues, elyvilon_altar_4
D:6:      layout_cave_pods, nicolae_overflow_hidden_temple,
          mainiacjoe_overflow_paths, slow_altar_1, serial_park_tiny_2,
          minmay_manual_mares, uniq_menkaure
D:7:      layout_rooms
D:8:      layout_cave_pods, special_room [special_room_orc]
D:9:      layout_basic, pf_just_have_faith, lair_entry_dummy, enter_bailey_5,
          nzn_ghost_randoct
D:10:     layout_roguey, mainiacjoe_overflow_brackets,
          hellmonk_ghost_happy_afterlife, minivault_11, lemuel_flamethrower_2
D:11:     layout_roguey, minmay_orc_entry_temple_small, uniq_lodul
Temple:   compressed_dpeg_circular_temple
Lair:1:   layout_loops_ring
Lair:2:   layout_roguey, lemuel_fruit_tree
Lair:3:   layout_small_grid, swamp_mist_pool, guppyfry_snake_entry_garden
Lair:4:   layout_cave_pods, minmay_slime_entry_pillars, st_stairs_9,
          dreamdust_gnoll_shepherd, serial_bayou_shore_a,
          infiniplex_staircase_pool_2, lemuel_fruit_fields, uniq_kirke
Lair:5:   due_jungle_book, layout_loops_ring

Skill      XL: |  1  2  3  4  5  6  7  8  9 10 11 12 13 |
---------------+----------------------------------------+-----
Fighting       | 4 5 6 8 9 10 12 13 | 13.2
Armour         | 4 5 6 8 9 10 12 13 | 13.1
Shields        | 4 5 6 9 11 13 15 16 | 16.0
Maces & Flails | 3 4 5 7 8 9 11 12 | 12.0

Action                     |  1- 3 |  4- 6 |  7- 9 | 10-12 | 13-15 || total
---------------------------+-------+-------+-------+-------+-------++-------
  Melee: Flail             |    91 |   214 |   409 |   246 |       ||   960
         Morningstar       |       |       |       |  4148 |   404 ||  4552
         Unarmed           |       |       |       |       |     9 ||     9
  Throw: Dart              |       |       |       |     3 |       ||     3
 Invoke: Heroism           |       |       |       |    27 |     2 ||    29
    Use: Scroll            |       |     4 |    10 |     7 |       ||    21
         Potion            |       |       |       |     4 |       ||     4
 Armour: Scale mail        |    53 |    84 |       |       |       ||   137
         Chain mail        |       |    12 |   265 |    58 |       ||   335
         Plate armour      |       |       |       |  2483 |   333 ||  2816
  Dodge: Dodged            |    45 |   101 |   202 |  1385 |   338 ||  2071
  Block: Buckler           |    19 |    60 |   119 |  1141 |   184 ||  1523

Table legend: (Time is in decaauts)
 A = Elapsed time spent in this place.
 B = Non-inter-level travel time spent in this place.
 C = Inter-level travel time spent in this place.
 D = Time resting spent in this place.
 E = Time spent auto-exploring this place.
 F = Levels seen in this place.
 G = Mean time per level.
                   A        B        C        D        E       F      G
               +--------+--------+--------+--------+--------+-----+--------+
         Total |  18993 |  18170 |    823 |   1450 |   8572 |  19 |  999.6 |
       Dungeon |  14283 |  13548 |    735 |   1025 |   5868 |  11 | 1298.5 |
        Temple |    139 |    100 |     39 |      0 |     87 |   1 |  139.0 |
          Lair |   3743 |   3694 |     49 |    413 |   2348 |   5 |  748.6 |
         Sewer |    558 |    558 |      0 |      0 |    263 |   1 |  558.0 |
        Bailey |    268 |    268 |      0 |     12 |      5 |   1 |  268.0 |
               +--------+--------+--------+--------+--------+-----+--------+

Top non-repeatable levels by time:
    D:10: 4735 daAuts
     D:8: 1413 daAuts
    D:11: 1115 daAuts
     D:1: 1077 daAuts
     D:6: 1067 daAuts
  Lair:3: 1022 daAuts
     D:5: 986 daAuts
     D:9: 938 daAuts
  Lair:2: 935 daAuts
  Lair:1: 916 daAuts
     D:7: 869 daAuts
     D:2: 825 daAuts
     D:3: 745 daAuts
   Sewer: 558 daAuts
     D:4: 510 daAuts
